 Dungeon Crawl Stone Soup version 0.12.3 (webtiles) character file.

888 Chiseanne the Chucker (level 7, -2/41 HPs)
             Began as a Kobold Gladiator on Sept 26, 2013.
             Slain by a giant goldfish (11 damage)
             ... on Level 5 of the Dungeon.
             The game lasted 00:19:31 (5484 turns).

Chiseanne the Chucker (Kobold Gladiator)            Turns: 5484, Time: 00:19:31

HP  -2/41        AC  4     Str 15      XL: 7   Next: 64%
MP   6/6         EV 13     Int  6      God:
Gold 305         SH  0     Dex 16      Spells:  0 memorised,  6 levels left

Res.Fire  : . . .   See Invis. : .   q - +0 blowgun
Res.Cold  : . . .   Warding    : .   b - +0 orc ring mail
Life Prot.: . . .   Conserve   : .   (no shield)
Res.Poison: .       Res.Corr.  : .   c - +0 helmet
Res.Elec. : .       Clarity    : .   (no cloak)
Sust.Abil.: . .     Spirit.Shd : .   (no gloves)
Res.Mut.  : .       Stasis     : .   (no boots)
Res.Rott. : .       Ctrl.Telep.: .   w - amulet of inaccuracy {unknown}
Saprovore : + + .   Flight     : .   (no ring)
                                     (no ring)

@: slightly resistant to hostile enchantments, fairly stealthy
A: disease resistance, talons 1, carnivore 3, deformed body, saprovore 2, Dex -1
a: no special abilities


You were on level 5 of the Dungeon.
You were not hungry.

You visited 1 branch of the dungeon, and saw 5 of its levels.

You collected 285 gold pieces.

Inventory:

Hand weapons
 a - a +3,+2 short sword of speed
 q - a +0 blowgun (weapon)
 s - a +1,+1 orcish falchion of slicing
 A - a +2,+1 flail of draining
Missiles
 d - 39 darts
 p - 10 poisoned needles (quivered)
 v - 16 sling bullets
 y - 12 exploding darts
Armour
 b - a +0 orcish ring mail (worn)
 c - a +0 helmet (worn)
Magical devices
 t - a wand of lightning (0)
Comestibles
 f - a meat ration
Scrolls
 e - 11 scrolls of identify {unknown}
 h - 2 scrolls of teleportation
 i - 2 scrolls of remove curse
 k - a scroll of fog
Jewellery
 w - an amulet of inaccuracy (around neck) {unknown}
Potions
 l - a potion of resistance
 m - 5 potions of curing
Books
 g - a book of the Dragon

   Spells                             Type                      Level
   Flight                             Charms/Air                   3
   Cause Fear                         Hexes                        4
   Bolt of Fire                       Conjuration/Fire             6
   Dragon Form                        Fire/Transmutation           7
   Summon Dragon                      Summoning                    9


   Skills:
 * Level 3.2 Fighting
 * Level 1.0 Short Blades
 - Level 0.5 Long Blades
 - Level 1.1 Maces & Flails
   Level 3.2 Staves
 * Level 5.9 Throwing
 * Level 2.3 Armour
 * Level 5.6 Dodging
 * Level 3.3 Stealth


You had 6 spell levels left.
You didn't know any spells.

Dungeon Overview and Level Annotations

Branches:
Dungeon (5/27)
 Temple: D:4-7

Altars:
Vehumet
the Shining One

Shops:
D:5: *


Innate Abilities, Weirdness & Mutations

You recuperate from illness quickly.
You are small and have problems with some larger weapons.
You are carnivorous and can eat meat at any time.
You can eat rotten meat.
You have sharp toenails.
You are clumsy (Dex -1).
Armour fits poorly on your strangely shaped body.


Message History

The giant goldfish looks even sicker.
The giant goldfish is moderately wounded.
You hear a splash.
The giant goldfish closely misses you. The giant goldfish bites you.
You start resting.
The giant goldfish looks more healthy.
The giant goldfish bites you but does no damage.
Firing (i - inventory. (,) - cycle):
p - 11 poisoned needles (quivered)
Press: ? - help, Shift-Dir - straight line, f/p - giant goldfish
Aim: a giant goldfish (heavily wounded)
You shoot a poisoned needle.
The poisoned needle hits the giant goldfish.
The giant goldfish is poisoned.
The giant goldfish is heavily wounded.
You hear a splash.
The giant goldfish bites you!
* * * LOW HITPOINT WARNING * * *
The giant goldfish bites you!
You die...

#§# #§# #.# #.#
#.# #§#
.#.###########.#
.((............#
....≈≈≈.@#######
###≈≈≈≈;.#
#≈≈∩≈(.#
#≈≈≈≈≈.#
#.(≈≈..#
##.(...# #######


You could see a giant goldfish.

Vanquished Creatures
  An ice beast (D:5)
  Sigmund (D:5)
  An ogre (D:4)
  A scorpion (D:5)
  A big fish (D:5)
  3 worker ants
  Jessica (D:2)
  A hound (D:4)
  6 adders
  4 gnolls (D:3)
  5 worms
  2 giant geckos
  2 oozes
  10 orcs
  A ball python (D:3)
  8 bats
  9 hobgoblins
  11 jackals
  4 quokkas
  3 giant cockroaches
  2 giant newts (D:1)
  12 goblins
  11 kobolds
  A kobold skeleton (D:4)
  9 rats
  A rat skeleton (D:4)
111 creatures vanquished.

Notes
Turn   | Place    | Note
--------------------------------------------------------------
     0 | D:1      | Chiseanne, the Kobold Gladiator, began the quest for the Orb.
     0 | D:1      | Reached XP level 1. HP: 13/13 MP: 0/0
   103 | D:1      | Reached XP level 2. HP: 18/18 MP: 1/1
   383 | D:1      | Reached XP level 3. HP: 13/22 MP: 2/2
   387 | D:1      | Reached skill level 4 in Dodging
  1015 | D:2      | Noticed Jessica
  1032 | D:2      | Killed Jessica
  1032 | D:2      | Reached XP level 4. HP: 17/28 MP: 3/3
  1094 | D:2      | Reached skill level 1 in Armour
  1232 | D:2      | Paralysed by a potion of paralysis for 2 turns
  1761 | D:3      | Reached skill level 1 in Stealth
  1761 | D:3      | Reached XP level 5. HP: 30/32 MP: 4/4
  1766 | D:3      | Gained mutation: You are clumsy (Dex -1). [potion of mutation]
  1766 | D:3      | Gained mutation: Armour fits poorly on your strangely shaped body. [potion of mutation]
  1766 | D:3      | Gained mutation: You have sharp toenails. [potion of mutation]
  1812 | D:3      | Reached XP level 4. HP: 23/28 MP: 3/3
  1813 | D:3      | Reached XP level 5. HP: 25/32 MP: 4/4
  2096 | D:3      | Reached skill level 5 in Dodging
  2867 | D:4      | Found a radiant altar of Vehumet.
  2909 | D:4      | Reached XP level 6. HP: 21/37 MP: 5/5
  3541 | D:4      | Reached skill level 1 in Maces & Flails
  3840 | D:4      | Noticed an ogre
  3850 | D:4      | Killed an ogre
  4335 | D:5      | Entered Level 5 of the Dungeon
  4408 | D:5      | Noticed Sigmund
  4628 | D:5      | Noticed an ice beast
  4656 | D:5      | Killed an ice beast
  4656 | D:5      | Reached skill level 5 in Throwing
  4656 | D:5      | Reached XP level 7. HP: 22/41 MP: 6/6
  4978 | D:5      | Killed Sigmund
  5068 | D:5      | Reached skill level 1 in Short Blades
  5084 | D:5      | Found a glowing golden altar of the Shining One.
  5149 | D:5      | Found Phitiomuc's Fishing Supplies.
  5484 | D:5      | Slain by a giant goldfish

Action                   |  1- 3 |  4- 6 |  7- 9 || total
-------------------------+-------+-------+-------++-------
Melee: Quarterstaff      |    93 |    71 |       ||   164
       Flail             |       |    84 |       ||    84
       Falchion          |       |    15 |       ||    15
       Short sword       |       |       |    23 ||    23
 Fire: Blowgun           |       |       |    12 ||    12
Throw: Dart              |     6 |   104 |    12 ||   122
Evoke: Wand              |       |     8 |     1 ||     9
  Use: Potion            |     4 |     6 |     1 ||    11
       Scroll            |       |       |    10 ||    10
 Stab: Sleeping          |       |     1 |       ||     1
